 Dungeon Crawl Stone Soup version 0.27.1 (webtiles) character file.

Game seed: 13342070756973199900

15277 ZARRMARR the Thaumaturge (level 11, -1/54 HPs)
             Began as a Deep Elf Earth Elementalist on Aug 30, 2021.
             Was an Elder of Sif Muna.
             Killed from afar by a frost giant (55 damage)
             ... with a bolt of cold
             ... on level 12 of the Dungeon.
             The game lasted 01:19:29 (14706 turns).

ZARRMARR the Thaumaturge (DEEE)                    Turns: 14706, Time: 01:19:34

Health: -1/54      AC:  8    Str:  5    XL:     11   Next: 99%
Magic:  22/28      EV: 13    Int: 24    God:    Sif Muna [****..]
Gold:   773        SH:  0    Dex: 15    Spells: 23/33 levels left

rFire    . . .     SeeInvis .   a - +0 staff of Battle
rCold    . . .     Faith    +   (no shield)
rNeg     . . .     Spirit   .   b - +0 robe
rPois    .         Reflect  .   l - +2 helmet
rElec    .         Harm     .   w - +1 cloak
rCorr    .         Rampage  .   (no gloves)
Will     +....                  k - +0 pair of boots
Stlth    +++.......             s - amulet of faith
HPRegen  0.18/turn              p - ring of wizardry
MPRegen  0.21/turn              (no ring)

@: no status effects
A: no striking features
a: Renounce Religion, Channel Magic, Forget Spell, Divine Exegesis


You were on level 12 of the Dungeon.
You worshipped Sif Muna.
Sif Muna was greatly pleased with you.
You visited 1 branch of the dungeon, and saw 12 of its levels.
You also visited: Ossuary.

You collected 773 gold pieces.

Inventory:

Hand Weapons
 a - the +0 staff of Battle (weapon)
   (You acquired it on level 3 of the Dungeon)

   It enhances your conjuration magic.
   It summons a battlesphere in combat, with strength depending on Conjurations
   skill.
Missiles
 c - 384 stones (quivered)
 e - 187 arrows
 m - 30 poisoned darts
 F - 7 boomerangs
Armour
 b - a +0 robe (worn)
 k - a +0 pair of boots (worn)
 l - a +2 helmet (worn)
 w - a +1 cloak (worn)
Jewellery
 f - an amulet of regeneration
 p - a ring of wizardry (left hand)
 s - an amulet of faith (around neck)
Wands
 i - a wand of acid (9)
 y - a wand of charming (9)
 C - a wand of paralysis (11)
 H - a wand of digging (4)
Scrolls
 j - 2 scrolls of teleportation
 n - 4 scrolls of enchant armour
 o - 4 scrolls of blinking
 r - 2 scrolls of fear
 t - a scroll of silence
 v - a scroll of magic mapping
 A - 4 scrolls of immolation
 D - a scroll of enchant weapon {unknown}
 E - a scroll of amnesia {unknown}
 I - a scroll of vulnerability {unknown}
Potions
 d - 6 potions of curing
 h - a potion of lignification
 q - 4 potions of might
 u - 4 potions of resistance
 x - 2 potions of heal wounds
 z - 2 potions of cancellation
 G - a potion of flight


   Skills:
 + Level 2.7 Dodging
 + Level 4.4 Stealth
 + Level 11.5 Spellcasting
 * Level 11.5 Conjurations
 * Level 5.4 Summonings
 * Level 8.5 Transmutations
 + Level 9.5 Earth Magic
 * Level 6.5 Invocations


You had 23 spell levels left.
You knew the following spells:

 Your Spells              Type           Power      Damage    Failure   Level
a - Stone Arrow           Conj/Erth      100%       3d13      1%          3
b - Sandblast             Erth           100%       2d20      1%          1
c - Passwall              Tmut/Erth      45%        N/A       1%          2
d - Petrify               Tmut/Erth      55%        N/A       1%          4

Your spell library contained the following spells:

 Spells                   Type           Power      Damage    Failure   Level
 Beastly Appendage        Tmut           100%       N/A       1%          1
 Pain                     Necr           52%        1d6       1%          1
 Shock                    Conj/Air       100%       1d9       1%          1
 Static Discharge         Conj/Air       58%        N/A       1%          2
 Wereblood                Tmut           53%        N/A       1%          2
 Call Canine Familiar     Summ           39%        N/A       1%          3
 Mephitic Cloud           Conj/Pois/Air  48%        N/A       1%          3
 Spider Form              Tmut/Pois      17%        N/A       1%          3
 Summon Guardian Golem    Hex/Summ       26%        N/A       1%          3
 Leda's Liquefaction      Hex/Erth       18%        N/A       2%          4
 Bolt of Magma            Conj/Fire/Erth 31%        4d14      2%          5
 Lightning Bolt           Conj/Air       29%        1d45      4%          5
 Gell's Gravitas          Tloc           6%         N/A       6%          3
 Lesser Beckoning         Tloc           6%         N/A       6%          3
 Portal Projectile        Hex/Tloc       26%        N/A       6%          3
 Swiftness                Air            13%        N/A       6%          3
 Teleport Other           Tloc           13%        N/A       6%          3
 Summon Lightning Spire   Summ/Air       26%        N/A       6%          4
 Orb of Destruction       Conj           40%        9d14      14%         7
 Airstrike                Air            6%         N/A       17%         4
 Spellforged Servitor     Conj/Summ      34%        N/A       41%         7
 Agony                    Necr           13%        N/A       43%         5
 Excruciating Wounds      Necr           6%         N/A       43%         5
 Invisibility             Hex            6%         N/A       93%         6
 Shatter                  Erth           28%        3d23*     100%        9


Dungeon Overview and Level Annotations

Branches:
Dungeon (12/15)            Temple (0/1) D:6            Lair (0/6) D:11
    Orc (0/2) D:11        Ossuary (visited)

Altars:
Ashenzari
Elyvilon
Fedhas
Gozag
Hepliaklqana
Nemelex Xobeh
Okawaru
Ru
Sif Muna
Trog
Uskayaw
Xom

Shops:
D:2 :   D:5 :   D:8 *   D:10 :


Message History

Throw: 2 javelins
Press: ? - help, Q - select action, (/) - cycle Shift-Dir - straight line, f - frost giant
Aim: a frost giant, wielding the +7 battleaxe of Extinguishment {freeze, Fly rCorr} (wandering, hasn't noticed you, 85% to hit)
You throw a javelin.
The javelin completely misses the frost giant.
The frost giant shouts!
You conjure a globe of magical energy.
Casting: Stone Arrow (safe; 1% risk of failure)
Confirm with . or Enter, or press ? or * to list all spells.
You can't see any susceptible monsters within range! (Use Z to cast anyway.) Throw: javelin
Press: ? - help, Q - select action, (/) - cycle Shift-Dir - straight line, f/p - frost giant
Aim: a frost giant, wielding the +7 battleaxe of Extinguishment {freeze, Fly rCorr} (85% to hit)
You throw a javelin.
The javelin pierces through the frost giant.
The frost giant is lightly wounded.
Casting: Stone Arrow (safe; 1% risk of failure)
Confirm with . or Enter, or press ? or * to list all spells.
Aiming: Stone Arrow (safe; 1% risk of failure)
Press: ? - help, Shift-Dir - straight line, f/p - frost giant
Aim: a frost giant, wielding the +7 battleaxe of Extinguishment {freeze, Fly rCorr} (lightly wounded, 98% to hit)
You feel a surge of power!
The stone arrow hits the frost giant!!
The frost giant is moderately wounded.
Your battlesphere fires!
The barrage of energy hits the frost giant!
The frost giant is moderately wounded.
Casting: Stone Arrow (safe; 1% risk of failure)
Confirm with . or Enter, or press ? or * to list all spells.
Aiming: Stone Arrow (safe; 1% risk of failure)
Press: ? - help, Shift-Dir - straight line, f/p - frost giant
Aim: a frost giant, wielding the +7 battleaxe of Extinguishment {freeze, Fly rCorr} (moderately wounded, ally target, 98% to hit)
You feel a surge of power!
The stone arrow hits the frost giant!
The frost giant is heavily wounded.
Your battlesphere fires!
The barrage of energy hits the frost giant!!
The frost giant is severely wounded.
The frost giant casts a spell at you. The bolt of cold hits you!!!
Ouch! That really hurt!
You die...

......# #......
#.....# #.....#
#.....###
.##.......##
..#........##
#...C.)@....#
(...........#
(......*....# #
##...<.....?#.##
#......?...#..#
#......†.......
####..........##.#
#.............##.#
##<.............


You could see a frost giant (ally target) and a friendly battlesphere.

Vanquished Creatures
  Josephine (D:10)
  3 two-headed ogres
  Pikel (D:6)
  An ugly thing (D:12)
  3 manticores (D:11)
  A gargoyle (D:8)
  An unseen horror (D:12)
  A kobold demonologist (D:9)
  A komodo dragon (D:12)
  A troll (D:11)
  A polar bear (D:12)
  Grinder (D:6)
  A vampire (D:7)
  9 wraiths
  3 wyverns
  12 yaks
  An acid dragon (D:10)
  5 water moccasins
  3 orc warriors
  5 ice beasts
  2 sky beasts (D:6)
  3 black bears
  4 ogres
  A necrophage (D:8)
  2 centaurs (D:7)
  2 phantoms (D:5)
  2 lemures (D:6)
  7 bullfrogs
  2 kobold brigands
  An elf zombie (Ossuary)
  A gnoll sergeant (D:9)
  4 scorpions
  A wyvern zombie (D:7)
  A wyvern skeleton (D:7)
  A water moccasin skeleton (D:5)
  6 wights
  2 howler monkeys (D:11)
  2 human zombies (Ossuary)
  3 centaur zombies
  2 hounds (D:5)
  4 gnoll shamans
  3 jellies
  4 orc priests
  A centaur skeleton (D:5)
  An iguana (D:7)
  4 orc wizards
  2 hound zombies (Ossuary)
  3 mummies (Ossuary)
  11 gnolls
  4 adders
  A shadow imp (D:6)
  2 ufetubi (D:7)
  An adder skeleton (D:4)
  3 adder zombies (Ossuary)
  A worm (D:2)
  2 dart slugs (D:1)
  26 orcs
  4 ball pythons (D:1)
  4 endoplasms
  2 giant cockroaches
  6 goblins
  6 hobgoblins
  4 jackals (D:2)
  2 quokkas
  7 bats
  4 frilled lizards
  A gnoll zombie (Ossuary)
  3 goblin zombies (Ossuary)
  2 hobgoblin zombies (Ossuary)
  3 jackal zombies (Ossuary)
  12 kobolds
  5 kobold zombies (Ossuary)
  5 orc zombies (Ossuary)
  5 quokka zombies (Ossuary)
  8 rats
  2 rat zombies (Ossuary)
262 creatures vanquished.

Vanquished Creatures (others)
  6 fungi (D:11)
  3 plants (D:11)
9 creatures vanquished.

Grand Total: 271 creatures vanquished

Notes
Turn   | Place    | Note
-------+----------+-------------------------------------------
     0 | D:1      | ZARRMARR the Deep Elf Earth Elementalist began the quest
                  | for the Orb.
     0 | D:1      | Reached XP level 1. HP: 10/10 MP: 6/6
   224 | D:1      | Reached XP level 2. HP: 15/15 MP: 4/8
   716 | D:1      | Found a faded altar of an unknown god.
  1244 | D:2      | Reached XP level 3. HP: 19/19 MP: 7/9
  1336 | D:2      | Reached skill level 1 in Conjurations
  1757 | D:2      | Reached XP level 4. HP: 24/24 MP: 8/11
  1886 | D:2      | Found Kulizots's Book Shoppe.
  1899 | D:2      | Learned a level 2 spell: Passwall
  1947 | D:3      | Found a blossoming altar of Fedhas.
  2309 | D:3      | Identified a scroll of acquirement
  2317 | D:3      | Acquired the +0 staff of Battle
  2317 | D:3      | Found the +0 staff of Battle
  2324 | D:3      | Learned a level 3 spell: Stone Arrow
  2332 | D:3      | Reached XP level 5. HP: 28/28 MP: 3/12
  2541 | D:3      | Found a bloodstained altar of Trog.
  2545 | D:3      | Found a shimmering altar of Xom.
  2549 | D:3      | Found a shimmering blue altar of Sif Muna.
  2551 | D:3      | Found an opulent altar of Gozag.
  2552 | D:3      | Found a sacrificial altar of Ru.
  2556 | D:3      | Became a worshipper of Ru the Awakened
  2563 | D:3      | Fell from the grace of Ru
  2563 | D:3      | Became a worshipper of Sif Muna the Loreminder
  3019 | D:4      | Reached skill level 5 in Earth Magic
  3103 | D:4      | Reached XP level 6. HP: 32/32 MP: 7/14
  3563 | D:4      | Identified the +2 robe "Feamomid" {Int-5 Dex+5}
  3871 | D:4      | Found a hazy altar of Hepliaklqana.
  4213 | D:5      | Entered Level 5 of the Dungeon
  4379 | D:5      | Reached skill level 5 in Spellcasting
  4381 | D:5      | Reached XP level 7. HP: 34/36 MP: 0/16
  4648 | D:5      | Found Uffopux's Book Shoppe.
  4773 | D:5      | Reached skill level 1 in Invocations
  5009 | D:5      | Reached * piety under Sif Muna
  5103 | D:5      | Reached XP level 8. HP: 41/41 MP: 15/19
  5733 | D:6      | Noticed Grinder
  5739 | D:6      | Killed Grinder
  5740 | D:6      | Reached skill level 5 in Conjurations
  5781 | D:6      | Found a sand-covered staircase.
  5787 | Ossuary  | Entered an ossuary
  6032 | Ossuary  | Reached skill level 5 in Transmutations
  6459 | Ossuary  | Reached ** piety under Sif Muna
  6850 | D:6      | Found a hide-covered altar of Uskayaw.
  6910 | D:6      | Found a staircase to the Ecumenical Temple.
  6921 | D:6      | Found a white marble altar of Elyvilon.
  7088 | D:6      | Noticed Pikel
  7093 | D:6      | Killed Pikel
  7094 | D:6      | Reached XP level 9. HP: 45/45 MP: 9/22
  7429 | D:6      | Learned a level 4 spell: Petrify
  7793 | D:7      | Reached skill level 1 in Summonings
  8238 | D:7      | Reached *** piety under Sif Muna
  8688 | D:7      | Reached XP level 10. HP: 50/50 MP: 21/25
  8730 | D:7      | Got the Volume of Flight
  9041 | D:7      | Found a sparkling altar of Nemelex Xobeh.
  9349 | D:8      | Found Xiguinni's Assorted Antiques.
  9554 | D:8      | Noticed a gargoyle
  9559 | D:8      | Killed a gargoyle
  9678 | D:8      | Reached skill level 10 in Spellcasting
 10453 | D:9      | Reached skill level 5 in Invocations
 10670 | D:9      | Reached **** piety under Sif Muna
 11116 | D:9      | Noticed a two-headed ogre
 11120 | D:9      | Killed a two-headed ogre
 11491 | D:9      | Found a broken altar of Ashenzari.
 11491 | D:9      | Found an iron altar of Okawaru.
 11737 | D:10     | Entered Level 10 of the Dungeon
 11756 | D:10     | Noticed a two-headed ogre
 11759 | D:10     | Killed a two-headed ogre
 11760 | D:10     | Reached skill level 10 in Conjurations
 11760 | D:10     | Reached XP level 11. HP: 54/54 MP: 17/27
 11807 | D:10     | Found Ytoostes's Book Boutique.
 12757 | D:10     | Noticed Josephine
 12761 | D:10     | Killed Josephine
 13258 | D:11     | Reached skill level 5 in Summonings
 13493 | D:11     | Noticed a two-headed ogre
 13499 | D:11     | Killed a two-headed ogre
 13770 | D:11     | Found a staircase to the Lair.
 13887 | D:11     | Found a staircase to the Orcish Mines.
 14261 | D:12     | Noticed a cyan ugly thing
 14266 | D:12     | Killed a cyan ugly thing
 14499 | D:12     | Identified the +7 battleaxe of Extinguishment {freeze, Fly
                  | rCorr}
 14499 | D:12     | Noticed a frost giant
 14706 | D:12     | Killed from afar by a frost giant

Illustrated notes

Levels and vault maps discovered:
D:1:      ncdulo_halloftheorcs, layout_loops_corners, serial_aquarium,
          aquarium_bridge_square [aquarium_subvault_wall,
          aquarium_subvault_wall, aquarium_subvault_wall,
          aquarium_subvault_bridge], aquarium_bridge_straight
          [aquarium_subvault_bridge, aquarium_subvault_window,
          aquarium_subvault_bridge, aquarium_subvault_wall],
          aquarium_window_fake, aquarium_window_2, aquarium_view_2a,
          aquarium_view_2c, hellmonk_ecumenical_altar_crossroads
D:2:      layout_rooms, serial_shops, shop
D:3:      layout_loops_ring, minitemple, fedhas_ov_isle_minmay,
          hangedman_decor_diamond_cutter, roderic_filled_cross
D:4:      layout_layer_cave, lemuel_doored_altar
D:5:      layout_layer_cave, serial_shops, nicolae_shop_waterfront
D:6:      layout_cave_pods, mainiacjoe_overflow_six_doors_small,
          mainiacjoe_overflow_alcove_1, minmay_temple_entry_purple_smoke,
          nicolae_ossuary_entry_plus, uniq_pikel, uniq_grinder
D:7:      layout_loops_ring, nemelex_dance_club_becter, nzn_random_ring
D:8:      layout_loops_cross, serial_shops, shop, corexii_checkpoint_b
D:9:      layout_irregular_city, mainiacjoe_overflow_divided_tiny,
          hangedman_abyss_or_decor_stagger
D:10:     layout_gridville, serial_shops, nicolae_square_shop, uniq_josephine
D:11:     layout_long_grid, grunt_lair_entry_orc_guard_hut, orc_0_dummy,
          kennysheep_nondescript
D:12:     minmay_coctagon, layout_rooms, serial_shops, nicolae_shop_waterfront

Skill      XL: |  1  2  3  4  5  6  7  8  9 10 11 |
---------------+----------------------------------+-----
Earth Magic    | 4 5 6 7 8 9 |  9.5
Conjurations   | 1 2 3 4 6 8 10 11 | 11.5
Transmutations | 2 3 4 5 6 7 8 |  8.5
Spellcasting   | 4 5 6 7 9 10 11 | 11.5
Stealth        | 3 4 |  4.4
Invocations    | 2 3 4 5 6 |  6.5
Summonings     | 2 4 5 |  5.4
Dodging        | |  2.7

Action                   |  1- 3 |  4- 6 |  7- 9 | 10-12 || total
-------------------------+-------+-------+-------+-------++-------
Melee: Unarmed           |     6 |       |       |       ||     6
Throw: Javelin           |     9 |    32 |     5 |    21 ||    67
       Stone             |     1 |     2 |     1 |     4 ||     8
       Boomerang         |       |     1 |    59 |    10 ||    70
       Dart              |       |       |       |    32 ||    32
 Cast: Sandblast         |    51 |    17 |     5 |     3 ||    76
       Stone Arrow       |       |    24 |   109 |   159 ||   292
Invok: Channel Magic     |       |       |     1 |     3 ||     4
  Use: Scroll            |       |     5 |     6 |    12 ||    23
       Potion            |       |       |     2 |     1 ||     3
Armor: Robe              |     3 |       |       |     4 ||     7
Dodge: Dodged            |     4 |       |     8 |    10 ||    22
